Map: Tours du crépuscule

Players

AMOVEHACKER - Winner!

  • Race: Zerg Zerg
  • Spawn Location: 7:00

zidar

  • Race: Zerg Zerg
  • League: Silver
  • Spawn Location: 1:00

VOD

Have the link to the VOD?

Description

Time

  • Played on: Jan. 12, 2016, 1:45 p.m.
  • Length: 5:55
Show
View Real Time Build Order
Export as new Build Order

AMOVEHACKER Zerg - Winner!

Build Orders: Pool First 

Get SALT Encoding   

  12  0:01  Drone  
  13  0:13  Overlord  
  13  0:18  Drone  
  14  0:32  Drone x2  
  16  0:36  Drone  
  17  0:45  Spawning Pool  
  17  0:48  Drone  
  18  0:57  Drone  
  18  1:00  Extractor  
  17  1:08  Drone  
  18  1:24  Hatchery  
  17  1:32  Queen  
  19  1:39  Zergling x2  
  20  1:42  Overlord  
  20  1:43  Drone  
  21  1:57  Baneling Nest  
  21  1:59  Drone  
  21  2:08  Drone  
  22  2:10  Queen  
  22  2:15  Zergling x2  
  25  2:34  Metabolic Boost  
  25  2:51  Roach Warren  
  25  2:53  Drone  
  25  2:54  Drone x5  
  29  3:02  Overlord  
  29  3:03  Drone  
  30  3:06  Drone  
  31  3:23  Zergling x4  
  33  3:28  Drone x2  
  33  3:30  Overlord  
  35  3:35  Roach x3  
  35  3:39  Overlord  
  41  3:44  Roach  
  43  3:50  Roach x2  
  47  3:58  Roach  
  47  3:59  Roach  
  51  4:04  Roach x2  
  51  4:07  Roach  
  51  4:08  Zergling x2  
  58  4:12  Overlord  
  58  4:21  Overlord  
  58  4:23  Roach, Extractor  
  59  4:30  Overlord  
  59  4:33  Roach x2  
  59  4:37  Overlord  
  63  4:42  Zergling x2  
  63  4:43  Zergling x4  
  63  4:44  Zergling x2  
  68  4:52  Zergling x2  
  68  4:53  Zergling x2  
  68  4:54  Zergling x2  
  68  5:07  Zergling x2  
  68  5:08  Zergling x2  
  68  5:12  Zergling x4  
  68  5:13  Zergling x2  
  73  5:15  Zergling x8  
  73  5:17  Roach  
  79  5:25  Zergling x2  
  80  5:30  Roach  
Show
View Real Time Build Order
Export as new Build Order

zidar Zerg 

Build Orders: Pool First 

Get SALT Encoding   

  12  0:02  Drone  
  13  0:12  Overlord  
  13  0:17  Drone  
  14  0:30  Drone x2  
  14  0:34  Drone  
  17  0:48  Spawning Pool  
  16  0:50  Drone  
  17  1:16  Drone  
  18  1:18  Hatchery  
  18  1:20  Extractor, Drone  
  18  1:25  Drone  
  18  1:36  Queen  
  20  1:44  Overlord  
  20  1:48  Drone  
  20  1:52  Drone  
  22  2:03  Extractor  
  21  2:14  Queen  
  23  2:27  Roach Warren  
  22  3:02  Drone  
  22  3:03  Drone x2  
  25  3:07  Roach x5  
  35  3:14  Overlord  
  35  3:35  Roach x3  
  41  3:43  Drone  
  41  3:44  Drone  
  43  4:00  Drone  
  43  4:01  Overlord  
  44  4:14  Hatchery  
  43  4:21  Lair  
  43  4:28  Ravager x2  
  43  4:29  Ravager x2  
  41  4:54  Roach  
  41  4:55  Roach x4  
  46  5:14  Roach x3  
  46  5:15  Roach  
  46  5:37  Ravager  
Tags
 
Add a new tag
Caveats
  • Supply blocks, unpowered buildings, or Contaminate may cause inaccurate times.
  • Supply counts are checked every 10 seconds.